 Dungeon Crawl Stone Soup version 0.27-a0-512-g57cc695410 (webtiles) character file.

Game seed: 11726489143521964057

56 siradein the Sneak (level 3, -4/27 HPs)
             Began as a Vampire Brigand on Mar 3, 2021.
             Killed from afar by a white imp (8 damage)
             ... with a puff of frost
             ... on level 2 of the Dungeon.
             The game lasted 00:05:35 (1346 turns).

siradein the Sneak (Vampire Brigand)                Turns: 1346, Time: 00:05:35

Health: -4/27      AC:  6    Str: 10    XL:     3   Next: 71%
Magic:  3/3        EV: 11    Int: 13    God:
Gold:   74         SH:  0    Dex: 16    Spells: 2/2 levels left

rFire    + . .     SeeInvis +   s - +0 falchion
rCold    . . .     Faith    .   (no shield)
rNeg     . . .     Spirit   .   n - +0 leather armour
rPois    .         Reflect  .   (no helmet)
rElec    .         Harm     .   c - +0 cloak
rCorr    .         Rampage  .   o - +0 pair of gloves
Will     .....                  l - +0 pair of boots
Stlth    +++.......             (no amulet)
HPRegen  0.29/turn              b - ring of protection from fire
MPRegen  0.08/turn              (no ring)

@: regenerating quickly
A: fangs 3, see invisible, unbreathing 1
a: Exsanguinate


You were on level 2 of the Dungeon.
You visited 1 branch of the dungeon, and saw 2 of its levels.

You collected 74 gold pieces.

Inventory:

Hand Weapons
 s - a +0 falchion (weapon)
Missiles
 d - 22 poisoned darts
 e - 2 curare-tipped darts
 j - 87 stones
 r - 6 boomerangs (quivered)
Armour
 c - a +0 cloak (worn)
 l - a +0 pair of boots (worn)
 n - a +0 leather armour (worn)
 o - a +0 pair of gloves (worn)
Jewellery
 b - a ring of protection from fire (left hand)
Scrolls
 a - 3 scrolls of identify {unknown}
 f - 2 scrolls of teleportation {unknown}
 g - a scroll of random uselessness {unknown}
 h - a scroll of magic mapping {unknown}
 i - a scroll of fog {unknown}
 p - a scroll of noise {unknown}
Potions
 k - a potion of lignification {unknown}
 m - 2 potions of heal wounds {unknown}
 q - a potion of magic {unknown}


   Skills:
 - Level 1.7 Fighting
 - Level 3.2(3.3) Short Blades
 + Level 0.9(2.1) Long Blades
 + Level 2.6 Throwing
 - Level 1.1 Dodging
 - Level 5.8 Stealth


You had 2 spell levels left.
You didn't know any spells.
Your spell library was empty.

Dungeon Overview and Level Annotations

Branches:
Dungeon (2/15)

Altars:
Gozag
Trog
Yredelemnul


Innate Abilities, Weirdness & Mutations

Your natural rate of healing is unusually fast.
You have razor-sharp teeth.
You have supernaturally acute eyesight. (SInv)
You can survive without breathing.


Message History

A white imp is nearby!
You hit the bush but do no damage. You bite the bush.
The bush is lightly damaged.
You see here a +0 pair of gloves.
You now have 74 gold pieces (gained 11).
A white imp is nearby!
You see here a +1 short sword of speed.
You barely miss the white imp.
The white imp shouts!
The white imp barely misses you.
You barely miss the white imp. The white imp gestures at you.
The puff of frost hits you. The white imp barely misses you.
You barely miss the white imp. The white imp barely misses you.
You hit the white imp but do no damage. The white imp barely misses you.
You riposte.
You hit the white imp but do no damage.
You bite the white imp, but do no damage.
You hit the white imp but do no damage. The white imp hits you.
The white imp freezes you.
You barely miss the white imp.
The white imp hits you but does no damage.
You barely miss the white imp.
The white imp hits you but does no damage.
The white imp gestures at you. The puff of frost hits you!
You hit the white imp but do no damage.
The white imp hits you but does no damage.
You hit the white imp.
The white imp is moderately wounded.
The white imp barely misses you.
You hit the white imp but do no damage.
The white imp is moderately wounded.
The white imp gestures at you. The puff of frost hits you!
* * * LOW HITPOINT WARNING * * *
You barely miss the white imp.
The white imp is moderately wounded.
The white imp gestures at you. The puff of frost hits you!
You die...

#...####†#
#......>.....###
.........###
##########...###
#...#...##.## #......
...#.###..#.## ##..###
##...# #.###.## #..#
##.#.##.## ##.## #..#
#......# ##.# #..#
#..###..#
##..#############..###
#..# #. .#
#....@...............#
...###.#
.#.####5##############.#
........##.# #.#
........#
..##.....#>#####.##
#######..
####..........)...# #.#
#.# # #.....#..####..#
#.# #.# # #....#...#
#..# #.# #.#
####.#.##.#.# #..# #.#
#.# PPPPPPP##.#.## #..#
#.# #†#


You could see a white imp.

Vanquished Creatures
  An adder (D:2)
  A worm (D:2)
  3 leopard geckos
  2 giant cockroaches (D:1)
  3 goblins
  5 hobgoblins
  3 jackals (D:2)
  7 kobolds
  A quokka (D:2)
  3 bats
  4 frilled lizards (D:1)
  7 rats
40 creatures vanquished.

Vanquished Creatures (others)
  2 plants (D:1)
2 creatures vanquished.

Grand Total: 42 creatures vanquished

Notes
Turn   | Place    | Note
-------+----------+-------------------------------------------
     0 | D:1      | siradein the Vampire Brigand began the quest for the Orb.
     0 | D:1      | Reached XP level 1. HP: 16/16 MP: 1/1
   114 | D:1      | Reached XP level 2. HP: 20/22 MP: 2/2
   628 | D:2      | Found an opulent altar of Gozag.
   809 | D:2      | Reached XP level 3. HP: 12/27 MP: 3/3
  1133 | D:2      | Found a basalt altar of Yredelemnul.
  1185 | D:2      | Found a bloodstained altar of Trog.
  1346 | D:2      | Killed from afar by a white imp

Illustrated notes

Levels and vault maps discovered:
D:1:      lightli_iron_boxes, layout_rooms, serial_bayou_lake_a
D:2:      layout_loops_ring, bloody_trog, nicolae_overflow_crystal_walls,
          minmay_hedge_maze, palyth_stone_intersect, grunt_gozag_breadcrumbs

Skill      XL: |  1  2 |
---------------+-------+-----
Throwing       | 2 |  2.6
Short Blades   | 3 |  3.2
Fighting       | |  1.7
Long Blades    | |  0.9
Dodging        | |  1.1
Stealth        | |  5.8

Action                   || total
-------------------------++-------
Melee: Short sword       ||    68
       Dagger            ||     4
       Bite              ||    15
       Falchion          ||    55
Throw: Boomerang         ||     4
 Stab: Sleeping          ||    10
       Distracted        ||     1
Armor: Robe              ||     3
       Leather armour    ||    26
Dodge: Dodged            ||    56
       Rpst.: Falchion   ||    10

Table legend: (Time is in decaauts)
 A = Elapsed time spent in this place.
 B = Non-inter-level travel time spent in this place.
 C = Inter-level travel time spent in this place.
 D = Time resting spent in this place.
 E = Time spent auto-exploring this place.
 F = Levels seen in this place.
 G = Mean time per level.
                   A        B        C        D        E       F      G
               +--------+--------+--------+--------+--------+-----+--------+
         Total |   1384 |   1336 |     48 |     29 |    874 |   2 |  692.0 |
       Dungeon |   1384 |   1336 |     48 |     29 |    874 |   2 |  692.0 |
               +--------+--------+--------+--------+--------+-----+--------+

Top non-repeatable levels by time:
     D:2: 732 daAuts
     D:1: 651 daAuts
